AoeStats
← Michi3052

Four Lakes

507876889Analyzed
1v1 RM · 12d ago on Sep 20, 2026· 45m 17s· 2 players
Game mode
Random Map
Map size
Tiny (2 player)
Population
200
Speed
Normal
Resources
Standard
Victory
Conquest
Starting age
Dark Age
Ending age
Imperial Age
RankedLock teamsTeams togetherTeam positionsShared explorationLock speedFull tech treeHidden civsTurbo modeCheats
Victory
Defeat
🇨🇦 Dravidians · Canada
722
+17
🇪🇸 Slavs · Spain
740
-17
100 boost vacuum
10:16 Feudal Age
10:52 Loom
11:59 Double-Bit Axe
12:20 Man-at-Arms
15:37 Forging
15:27 Scale Mail Armor
15:35 Fishing Lines
16:28 Arson
22:24 Castle Age
20:50 Horse Collar
21:26 Fletching
21:37 Padded Archer Armor
22:45 Gold Mining
22:47 Stone Mining
23:15 Gillnets
24:39 Iron Casting
24:19 Chain Mail Armor
25:08 Chain Mail Armor
24:55 Pikeman
25:36 Squires
26:38 Bow Saw
28:04 Heavy Plow
29:45 Wheelbarrow
31:08 Bodkin Arrow
31:28 Leather Archer Armor
34:52 Thumb Ring
35:01 Medical Corps
35:22 Hand Cart
37:05 Husbandry
40:10 Imperial Age
39:12 Scale Barding Armor
40:30 Ballistics
40:25 Siege Elephant
43:11 Chemistry
43:46 Blast Furnace
43:17 Plate Mail Armor
43:23 Elite Elephant Archer
44:37 Bracer
Michi3052
8:28 Loom
10:54 Feudal Age
12:49 Double-Bit Axe
14:15 Man-at-Arms
20:11 Castle Age
29:47 Town Watch
30:22 Gold Mining
34:48 Wheelbarrow
35:06 Town Patrol
34:53 Horse Collar
37:57 Hand Cart
38:41 Scale Barding Armor
41:58 Imperial Age
40:18 Gold Shaft Mining
39:34 Stone Mining
40:40 Detinets
41:51 Forging
41:43 Scale Mail Armor
42:06 Chain Barding Armor
43:01 Bow Saw
43:41 Conscription
43:27 Druzhina
42:52 Long Swordsman
43:34 Squires
43:50 Two-Handed Swordsman
Connection lost

Rejoining the realm…

Still unreachable

The connection could not be restored.

Session expired

The server has moved on; the page needs a fresh start.